 Dungeon Crawl Stone Soup version 0.22-a0-283-g1871b15 (webtiles) character file.

255728 galech the Wrestler (level 19, -7/200 HPs)
             Began as a Troll Monk on Mar 19, 2018.
             Was the Champion of Okawaru.
             Mangled by a spriggan defender
             ... wielding a +0 demon whip of electrocution
             ... led by the Enchantress
              (18 damage)
             ... on level 2 of the Depths.
             The game lasted 02:02:19 (36497 turns).

galech the Wrestler (Troll Monk)                   Turns: 36497, Time: 02:02:20

Health: -7/200     AC: 36    Str: 30    XL:     19   Next: 43%
Magic:  14/21      EV:  9    Int:  6    God:    Okawaru [******]
Gold:   1719       SH: 17    Dex: 12    Spells: 18/18 levels left

rFire    + + .     SeeInvis .     - Unarmed
rCold    + . .     Gourm    +   M - +1 large shield {reflect}
rNeg     . . .     Faith    .   a - +3 gold dragon scales
rPois    +         Spirit   .   T - +2 hat
rElec    .         Reflect  +   y - +2 cloak {MR+}
rCorr    .         Harm     .   (gloves unavailable)
MR       ++...                  (boots unavailable)
Stlth    ..........             k - amulet of regeneration
HPRegen  1.23/turn              E - +6 ring of protection
MPRegen  0.17/turn              K - ring of Shadows {Umbra +Inv Stlth+}

@: heroism, finesse, wreathed by umbra
A: large, unfitting armour, claws 3, blink, fire resistance 1, fast metabolism
3, gourmand, regeneration 1, shaggy fur 1, tough skin 2, MP-powered wands
}: 1/15 runes: decaying
a: Blink, Heroism, Finesse, Renounce Religion, Evoke Invisibility


You were on level 2 of the Depths.
You worshipped Okawaru.
Okawaru was exalted by your worship.
You were not hungry.

You visited 7 branches of the dungeon, and saw 34 of its levels.
You visited the Abyss 2 times.
You visited 1 bazaar.
You also visited: Labyrinth and Ice Cave.

You collected 4005 gold pieces.
You spent 2286 gold pieces at shops.

Inventory:

Armour
 a - +3 gold dragon scales (worn)
 p - a +1 robe of resistance
 y - a +2 cloak of magic resistance (worn)
 F - a +2 cloak of cold resistance
 M - a +1 large shield of reflection (worn)
 T - a +2 hat (worn)
 U - a scarf of resistance
Jewellery
 k - an amulet of regeneration (around neck)
 u - the ring "Vixzied" {MR+ Str+3 SInv}
   (You bought it in a shop on level 1 of the Depths)

   [ring of protection from magic]

   It affects your strength (+3).
   It affects your resistance to hostile enchantments.
   It lets you see invisible.
 z - the ring of Trepidation {rC+ Str+4 Int+4 Dex-2 Slay+2}
   (You found it on level 1 of the Swamp)

   [ring of slaying]

   It affects your strength (+4).
   It affects your intelligence (+4).
   It affects your dexterity (-2).
   It affects your accuracy and damage with ranged weapons and melee attacks
   (+2).
   It protects you from cold.
 A - an uncursed ring of protection from cold
 E - a +6 ring of protection (left claw)
 G - an uncursed ring of positive energy
 K - the ring of Shadows (right claw) {Umbra +Inv Stlth+}
   (You took it off a deep elf death mage on level 3 of the Elven Halls)

   [ring of stealth]

   It lets you turn invisible.
   It makes you more stealthy.
 N - an uncursed ring of poison resistance
 V - a +4 ring of protection
 Y - an uncursed amulet of guardian spirit
Wands
 o - a wand of random effects (26)
 w - a wand of digging (13)
 S - a wand of paralysis (8)
Scrolls
 g - a scroll of enchant weapon
 h - 22 scrolls of teleportation
 l - a scroll of fog
 q - 5 scrolls of fear
 t - 7 scrolls of remove curse
 x - 4 scrolls of blinking
 B - 5 scrolls of magic mapping
 H - 2 scrolls of silence
 I - 3 scrolls of identify
 O - a scroll of summoning
 R - 3 scrolls of holy word
Potions
 c - a potion of berserk rage
 d - 3 potions of ambrosia
 e - 14 potions of brilliance {unknown}
 f - 9 potions of curing
 i - 2 potions of heal wounds
 j - 2 potions of flight
 m - 7 potions of might
 n - 3 potions of cancellation
 r - 9 potions of degeneration {unknown}
 s - 2 potions of agility
 v - 2 potions of magic
 C - 5 potions of invisibility
 P - 5 potions of haste
 Q - a potion of resistance
 Z - 7 potions of mutation
Comestibles
 b - 65 rations


   Skills:
 + Level 14.9(19.9) Fighting
 + Level 7.9(12.9) Armour
 + Level 14.9(19.9) Dodging
 - Level 1.0(6.0) Stealth
 + Level 0.0(5.0) Shields
 + Level 22.0(27) Unarmed Combat
 + Level 4.4 Invocations


You had 18 spell levels left.
You didn't know any spells.

Dungeon Overview and Level Annotations

Branches:
Dungeon (15/15)            Temple (1/1) D:6            Lair (6/6) D:11
  Swamp (4/4) Lair:2       Spider (0/4) Lair:2        Slime (0/5) Lair:5
    Orc (2/2) D:12            Elf (3/3) Orc:2        Vaults (0/5) D:13
 Depths (3/5) D:15

Altars:
Ashenzari
Cheibriados
Dithmenos
Elyvilon
Fedhas
Gozag
Hepliaklqana
Kikubaaqudgha
Makhleb
Nemelex Xobeh
Okawaru
Qazlal
Ru
Sif Muna
Trog
Uskayaw
Vehumet
Wu Jian
Xom
Yredelemnul
Zin
The Shining One
Beogh
Jiyva

Shops:
D:7 [   D:8 [[(*!   D:11 ?   D:13 :   Orc:2 ([([   Elf:1 (   Depths:1 ?*
Depths:2 (=}=

Portals:
Hell: Depths:1 Depths:2
Abyss: Depths:1

Annotations:
Lair:2 exclusion: 2 oklob plants
Depths:2 the Enchantress


Innate Abilities, Weirdness & Mutations

You are too large for most types of armour.
You have claws for hands.
Your metabolism is lightning-fast.
You like to eat raw meat.
Your natural rate of healing is unusually fast.
You are covered in fur. (AC +1)
You have very tough skin. (AC +2)
You can translocate small distances at will.
Your flesh is heat resistant. (rF+)
You expend magic power (3 MP) to strengthen your wands.


Message History

The spriggan defender hits you but does no damage.
You are electrocuted!
* * * LOW HITPOINT WARNING * * *
You block the spriggan defender's attack.
You can now deal lightning-fast blows.
The spriggan defender hits you with a demon whip of electrocution!
* * * LOW HITPOINT WARNING * * *
You are electrocuted!
* * * LOW HITPOINT WARNING * * *
The Enchantress mumbles some strange words.
The Enchantress flickers and vanishes!
You feel much better.
The spriggan defender hits you with a demon whip of electrocution!
* * * LOW HITPOINT WARNING * * *
You are electrocuted!
* * * LOW HITPOINT WARNING * * *
The spriggan defender hits you with a demon whip of electrocution!
* * * LOW HITPOINT WARNING * * *
You are electrocuted!
You die...

##.##..........##..
#...#..........#...
#..................
##.............((..(
#...........).......
#...................
#..####.............
#.#.# ##.....#......
###@###%##...#...#..
##i#>.##......###.
##{i%......##..##.
####..)#......##..#..
#......#..........(((
###^...##........(.(.
#....##...........)
#.###............<.
### ##.............


You could see a spriggan defender and a spriggan.

Vanquished Creatures
  Bai Suzhen (Swamp:4)
  2 titans (Depths:2)
  2 deep elf blademasters (Elf:3)
  2 deep elf master archers (Elf:3)
  2 tentacled starspawn (Abyss:2)
  A tengu reaver (Depths:1)
  3 thorn hunters
  Gastronok (Lair:2)
  A shadow dragon (Depths:2)
  Donald (Swamp:2)
  2 fire giants (Depths:2)
  3 frost giants (Depths:2)
  4 deep elf sorcerers (Elf:3)
  2 orc warlords
  A spriggan defender (Depths:2)
  4 deep elf elementalists (Elf:3)
  6 stone giants
  The ghost of Amnesiac the Zephyrmancer, a journeyman TeAE of Sif Muna (Lair:6)
  4 very ugly things
  6 deep elf annihilators
  8 deep elf demonologists
  A minotaur (Lab)
  A spark wasp (Depths:2)
  2 ettins
  4 fire dragons
  8 deep elf death magi (Elf:3)
  3 deep elf high priests
  7 hydras
  Harold (Lair:1)
  2 rakshasas
  6 great orbs of eyes
  3 vault guards (D:13)
  3 ice dragons
  4 catoblepae
  2 ghost crabs
  4 centaur warriors
  15 two-headed ogres
  17 dancing weapons
  11 alligators
  3 ogre magi
  5 tengu warriors
  5 death yaks (Lair:6)
  2 deep troll earth magi
  5 deep troll shamans
  2 thrashing horrors (Abyss:2)
  3 orc high priests (Orc:2)
  5 hell hogs (Abyss:2)
  A titan zombie (Abyss:2)
  10 deep elf knights
  6 iron trolls
  A spatial maelstrom (Abyss:2)
  3 skeletal warriors (D:12)
  12 deep trolls
  5 wretched stars (Abyss:2)
  3 shambling mangroves
  A glowing orange brain (D:15)
  2 spriggan druids
  6 swamp dragons
  A wizard (Depths:1)
  A golden dragon skeleton (Abyss:2)
  3 deep elf archers
  Pikel (D:3)
  5 orc knights
  2 orb spiders
  28 deep elf magi
  6 orc sorcerers
  2 cyclopes
  2 manticores (Lair:6)
  31 ugly things
  3 worldbinders (Abyss:2)
  2 apocalypse crabs (Abyss:2)
  2 ice statues (IceCv)
  A black mamba (Lair:1)
  A guardian serpent (shapeshifter) (D:15)
  A rust devil (Abyss:2)
  A smoke demon (Abyss:2)
  13 spiny frogs
  4 molten gargoyles (Elf:1)
  A dire elephant zombie (Abyss:2)
  An orange demon (Abyss:2)
  A centaur zombie (D:12)
  2 gargoyles
  An efreet (D:14)
  2 rime drakes (Lair:1)
  12 yaktaurs
  4 freezing wraiths (Swamp:4)
  An ancient zyme (Abyss:2)
  9 ice devils (IceCv)
  10 komodo dragons
  3 hellwings (Abyss:2)
  A red devil (Abyss:2)
  3 tengu conjurers
  10 trolls
  8 hornets
  7 tyrant leeches
  5 raiju (Abyss:2)
  A polar bear (Lair:4)
  12 blink frogs
  7 bog bodies
  21 slime creatures
  12 hippogriffs
  A hippogriff (shapeshifter) (Depths:2)
  2 meliai zombies
  4 shadows
  2 air elementals
  Sigmund (D:4)
  3 spriggans
  2 water elementals (Elf:1)
  The ghost of Amnesiac the Zephyrmancer, an amateur TeAE (D:3)
  A vampire (D:12)
  3 ynoxinuls (Abyss:2)
  6 wyverns
  2 humans
  Grum (D:8)
  A fire elemental (Elf:2)
  A fire bat (shapeshifter) (D:15)
  3 hogs (D:8)
  45 yaks
  4 basilisks
  7 large abominations (Abyss:2)
  A hungry ghost (D:10)
  2 swamp worm simulacra (Swamp:4)
  3 steam dragons
  8 vampire mosquitoes
  20 wargs
  3 neqoxecs (Abyss:2)
  A spatial vortex (Abyss:2)
  25 swamp worms
  An acid dragon (shapeshifter) (D:15)
  13 insubstantial wisps
  An acid dragon (D:12)
  14 hydra simulacra (Swamp:4)
  5 small abominations (Abyss:2)
  4 hell hounds (Abyss:2)
  A soldier ant (D:12)
  Duvessa (D:6)
  18 water moccasins
  8 porcupines
  4 sky beasts
  4 swamp drakes
  2 phantoms
  4 ice beasts
  A black bear (shapeshifter) (Elf:1)
  A black bear (D:9)
  33 orc warriors
  A necrophage (D:9)
  10 centaurs
  15 wolves
  22 ogres
  An ogre (shapeshifter) (D:15)
  10 crocodiles
  21 bullfrogs
  3 big kobolds
  2 earth elementals (Elf:3)
  A gnoll sergeant (D:10)
  7 scorpions
  Dowan (D:6)
  25 killer bees
  8 wights
  3 electric eels
  A troll skeleton (Lab)
  A lava snake (Elf:1)
  6 crimson imps
  5 howler monkeys
  2 quasits
  A starcursed mass (Abyss:2)
  5 centaur skeletons
  6 hounds
  3 jellies
  33 orc priests
  An iron imp (Elf:3)
  4 bullfrog skeletons (D:12)
  5 iguanas
  9 worker ants
  Natasha (thrice) (D:2)
  30 orc wizards
  A bullfrog simulacrum (D:12)
  An ogre skeleton (Lab)
  A hound zombie (D:6)
  A hound skeleton (D:7)
  2 worker ant zombies
  11 gnolls
  7 adders
  6 shadow imps
  13 white imps
  6 swamp drake simulacra (Swamp:4)
  12 ufetubi
  An ooze (D:4)
  An adder zombie (D:5)
  3 worms
  5 leopard geckos
  144 orcs
  5 giant cockroaches
  5 goblins
  9 hobgoblins
  12 jackals
  21 kobolds
  4 quokkas
  9 bats
  A frilled lizard (D:2)
  A giant cockroach zombie (D:6)
  A quokka zombie (D:8)
  4 rats
  A briar patch (Swamp:4)
  2 plants
  2 starspawn tentacles (Abyss:2)
1280 creatures vanquished.

Vanquished Creatures (others)
  An azure jelly (Swamp:4)
  A reaper (IceCv)
  An alligator (Swamp:3)
  A worldbinder (Abyss:2)
  A rime drake (Lair:6)
  A small abomination (Abyss:2)
  A chaos spawn (Abyss:2)
  A scorpion (D:4)
  2 white imps (IceCv)
  An ufetubus (IceCv)
  An ooze (D:3)
  A giant cockroach (D:4)
  7 briar patches (Swamp:4)
  2 plants
  5 starspawn tentacles (Abyss:2)
27 creatures vanquished.

Grand Total: 1307 creatures vanquished

Notes
Turn   | Place    | Note
-------+----------+-------------------------------------------
     0 | D:1      | galech the Troll Monk began the quest for the Orb.
     0 | D:1      | Reached XP level 1. HP: 22/22 MP: 0/0
   196 | D:1      | Reached XP level 2. HP: 29/29 MP: 1/1
   911 | D:2      | Found a sparkling altar of Nemelex Xobeh.
  1032 | D:2      | Noticed Natasha
  1039 | D:2      | Killed Natasha
  1039 | D:2      | Reached XP level 3. HP: 25/36 MP: 2/2
  1073 | D:2      | Noticed Natasha
  1076 | D:2      | Killed Natasha
  1076 | D:2      | Reached skill level 4 in Unarmed Combat
  1076 | D:2      | Reached XP level 4. HP: 45/45 MP: 3/3
  1079 | D:2      | Noticed Natasha
  1086 | D:2      | Killed Natasha
  1417 | D:3      | Noticed Amnesiac's ghost (amateur TeAE)
  1436 | D:3      | Killed Amnesiac's ghost
  1436 | D:3      | Reached skill level 5 in Unarmed Combat
  1436 | D:3      | Reached XP level 5. HP: 6/53 MP: 4/4
  1436 | D:3      | Reached XP level 6. HP: 7/61 MP: 5/5
  2203 | D:4      | Noticed a slave
  2205 | D:4      | Noticed a slave
  2205 | D:4      | Noticed a slave
  2206 | D:4      | Noticed Pikel
  2208 | D:4      | Noticed a slave
  2253 | D:3      | Killed Pikel
  2253 | D:3      | Reached skill level 6 in Unarmed Combat
  2253 | D:3      | Reached XP level 7. HP: 37/70 MP: 6/6
  2427 | D:4      | Noticed Sigmund
  2446 | D:4      | Killed Sigmund
  2446 | D:4      | Reached skill level 7 in Unarmed Combat
  3204 | D:5      | Entered Level 5 of the Dungeon
  3212 | D:5      | Reached XP level 8. HP: 60/79 MP: 7/7
  3687 | D:6      | Found a staircase to the Ecumenical Temple.
  3698 | Temple   | Entered the Ecumenical Temple
  3795 | Temple   | Became a worshipper of Warmaster Okawaru
  3795 | Temple   | Reached * piety under Okawaru
  3795 | Temple   | Reached ** piety under Okawaru
  3869 | D:6      | Reached skill level 5 in Fighting
  3905 | D:6      | Reached skill level 5 in Dodging
  3905 | D:6      | Reached skill level 8 in Unarmed Combat
  3967 | D:6      | Noticed Duvessa
  3968 | D:6      | Noticed Dowan
  3973 | D:6      | Killed Dowan
  3980 | D:6      | Killed Duvessa
  4874 | D:7      | Found Mauphots's Armour Shop.
  4877 | D:7      | Bought a +2 cloak of magic resistance for 279 gold pieces
  4914 | D:7      | Reached XP level 9. HP: 74/88 MP: 8/8
  4937 | D:7      | Reached skill level 9 in Unarmed Combat
  5094 | D:7      | Reached *** piety under Okawaru
  5248 | D:8      | Found Veonil's Antique Weapon Shop.
  5248 | D:8      | Found Irisekof's Antique Armour Emporium.
  5630 | D:8      | Noticed a two-headed ogre
  5650 | D:8      | Killed a two-headed ogre
  5650 | D:8      | Reached skill level 10 in Unarmed Combat
  5668 | D:8      | Noticed Grum
  5686 | D:8      | Killed Grum
  5686 | D:8      | Reached **** piety under Okawaru
  5757 | D:8      | Found Haonea's Assorted Antiques.
  5770 | D:8      | Noticed a two-headed ogre
  5869 | D:7      | Killed a two-headed ogre
  5869 | D:7      | Reached XP level 10. HP: 30/100 MP: 6/9
  5975 | D:8      | Reached skill level 11 in Unarmed Combat
  5992 | D:8      | Found Ocarie Tidu's Distillery.
  6087 | D:8      | Found Wozxapn's Armour Boutique.
  6350 | D:9      | Reached ***** piety under Okawaru
  6638 | D:9      | Noticed a two-headed ogre
  6649 | D:9      | Killed a two-headed ogre
  6649 | D:9      | Reached skill level 12 in Unarmed Combat
  7049 | D:10     | Entered Level 10 of the Dungeon
  7075 | D:10     | Reached XP level 11. HP: 102/108 MP: 10/10
  7466 | D:10     | Noticed a two-headed ogre
  7472 | D:10     | Killed a two-headed ogre
  8117 | D:11     | Received a gift from Okawaru
  8202 | D:11     | Noticed a red ugly thing
  8221 | D:11     | Killed a red ugly thing
  8270 | D:11     | Noticed a cyan ugly thing
  8271 | D:11     | Noticed a green ugly thing
  8278 | D:11     | Killed a cyan ugly thing
  8283 | D:11     | Killed a green ugly thing
  8283 | D:11     | Reached skill level 13 in Unarmed Combat
  8337 | D:11     | Found a staircase to the Lair.
  8439 | D:11     | Noticed a two-headed ogre
  8440 | D:11     | Killed a two-headed ogre
  8483 | D:11     | Found Xousoin's Magic Scroll Emporium.
  8492 | D:11     | Bought a scroll of magic mapping for 35 gold pieces
  8492 | D:11     | Bought a scroll of blinking for 75 gold pieces
  8492 | D:11     | Bought 3 scrolls of teleportation for 90 gold pieces
  8492 | D:11     | Bought a scroll of teleportation for 30 gold pieces
  8585 | D:11     | Found a labyrinth entrance.
  8594 | Lab      | Entered a labyrinth
  9068 | Lab      | Noticed a minotaur
  9074 | Lab      | Killed a minotaur
  9234 | D:11     | Found a basalt altar of Yredelemnul.
  9535 | D:11     | Noticed an orc warlord
  9549 | D:11     | Killed an orc warlord
  9549 | D:11     | Reached XP level 12. HP: 60/121 MP: 9/11
  9934 | D:11     | Reached skill level 14 in Unarmed Combat
  9954 | D:11     | Reached ****** piety under Okawaru
 10229 | Lair:1   | Entered Level 1 of the Lair of Beasts
 10425 | Lair:1   | Received a gift from Okawaru
 10659 | Lair:1   | Noticed Harold
 10669 | Lair:1   | Killed Harold
 11307 | Lair:2   | Noticed a seven-headed hydra
 11312 | Lair:2   | Killed a ten-headed hydra
 11499 | Lair:2   | Reached skill level 15 in Unarmed Combat
 11752 | Lair:2   | Noticed Gastronok
 11766 | Lair:2   | Killed Gastronok
 11766 | Lair:2   | Received a gift from Okawaru
 11766 | Lair:2   | Reached XP level 13. HP: 112/132 MP: 12/12
 11871 | Lair:2   | Found a hole to the Spider Nest.
 11926 | Lair:2   | Found a staircase to the Swamp.
 12323 | Lair:3   | Found a frozen archway.
 12397 | IceCv    | Entered an ice cave
 12583 | IceCv    | Reached skill level 10 in Fighting
 12583 | IceCv    | Reached skill level 10 in Dodging
 12590 | IceCv    | Killed a reaper
 13913 | Lair:4   | Reached skill level 16 in Unarmed Combat
 14212 | Lair:5   | Found a viscous altar of Jiyva.
 14213 | Lair:5   | Found a staircase to the Slime Pits.
 14286 | Lair:5   | Received a gift from Okawaru
 15121 | Lair:6   | Entered Level 6 of the Lair of Beasts
 15123 | Lair:6   | Noticed Amnesiac's ghost (journeyman TeAE)
 15148 | Lair:6   | Killed Amnesiac's ghost
 15653 | Lair:6   | Received a gift from Okawaru
 15865 | Lair:6   | Reached XP level 14. HP: 143/143 MP: 13/13
 16609 | D:12     | Reached skill level 17 in Unarmed Combat
 17056 | D:12     | Received a gift from Okawaru
 17266 | D:12     | Found a flickering gateway to a bazaar.
 17275 | Bazaar   | Entered a bazaar
 17290 | Bazaar   | Found Luef's Magic Scroll Shoppe.
 17311 | Bazaar   | Found Kuuruss's Gadget Emporium.
 17334 | Bazaar   | Found Laptira's General Store.
 17386 | Bazaar   | Bought a scroll of acquirement for 624 gold pieces
 17481 | D:12     | Found a staircase to the Orcish Mines.
 17758 | Orc:1    | Entered Level 1 of the Orcish Mines
 18348 | Orc:2    | Entered Level 2 of the Orcish Mines
 18353 | Orc:2    | Received a gift from Okawaru
 18524 | Orc:2    | Found a roughly hewn altar of Beogh.
 18539 | Orc:2    | Received a gift from Okawaru
 18542 | Orc:2    | Found Keocoh's Antique Armour Boutique.
 18613 | Orc:2    | Found a staircase to the Elven Halls.
 18931 | Orc:2    | Found a roughly hewn altar of Beogh.
 19081 | Orc:2    | Found a roughly hewn altar of Beogh.
 19113 | Orc:2    | Found Dousiruh's Antique Weapon Emporium.
 19210 | Orc:2    | Found a roughly hewn altar of Beogh.
 19313 | Orc:2    | Noticed an orc warlord
 19330 | Orc:2    | Killed an orc warlord
 19330 | Orc:2    | Reached skill level 18 in Unarmed Combat
 19335 | Orc:2    | Received a gift from Okawaru
 19347 | Orc:2    | Found Awidgh's Antique Armour Emporium.
 19355 | Orc:2    | Found Qumait's Antique Weapon Shoppe.
 19358 | Orc:2    | Found a roughly hewn altar of Beogh.
 19748 | Orc:1    | Reached XP level 15. HP: 142/155 MP: 14/14
 20184 | D:13     | Found Rainenent's Book Shoppe.
 20464 | D:13     | Found a gate to the Vaults.
 20480 | D:13     | Received a gift from Okawaru
 21161 | D:15     | Entered Level 15 of the Dungeon
 21404 | D:15     | Found a staircase to the Depths.
 21638 | Swamp:1  | Entered Level 1 of the Swamp
 21940 | Elf:1    | Entered Level 1 of the Elven Halls
 21940 | Elf:1    | Found Baurat's Antique Weapon Shop.
 22132 | Elf:1    | Reached skill level 19 in Unarmed Combat
 22158 | Elf:1    | Received a gift from Okawaru
 23015 | Swamp:1  | Got a flickering steel ring
 23017 | Swamp:1  | Identified the ring of Trepidation {rC+ Str+4 Int+4 Dex-2 Slay+2} (You found it on level 1 of the Swamp)
 23204 | Swamp:1  | Reached XP level 16. HP: 118/166 MP: 15/15
 23909 | Swamp:2  | Received a gift from Okawaru
 24055 | Swamp:2  | Noticed Donald
 24077 | Swamp:2  | Killed Donald
 25109 | Swamp:3  | Noticed a thorn hunter
 25118 | Swamp:3  | Killed a thorn hunter
 25298 | Swamp:3  | Reached skill level 20 in Unarmed Combat
 25849 | Swamp:4  | Entered Level 4 of the Swamp
 25942 | Swamp:4  | Noticed a thorn hunter
 25951 | Swamp:4  | Killed a thorn hunter
 27122 | Elf:2    | Received a gift from Okawaru
 27292 | Elf:2    | Found a runed gate.
 27292 | Elf:2    | Found a runed gate.
 27296 | Elf:2    | Found a runed gate.
 27652 | Elf:2    | Reached skill level 1 in Armour
 27653 | Elf:2    | Cast into level 2 of the Abyss (executioner's axe of distortion)
 27673 | Abyss:2  | Found a corrupted altar of Lugonu.
 27844 | Abyss:2  | Gained mutation: Your magical capacity is low. (-10% MP) [a neqoxec]
 27846 | Abyss:2  | Gained mutation: Scrolls take you a little longer to read. [a neqoxec]
 28042 | Abyss:2  | Found a corrupted altar of Lugonu.
 28059 | Elf:2    | Escaped the Abyss
 28236 | Elf:2    | Reached XP level 17. HP: 124/141 MP: 14/14
 28419 | Elf:2    | Received a gift from Okawaru
 28918 | Swamp:4  | Noticed Bai Suzhen
 28935 | Swamp:4  | Killed Bai Suzhen
 29588 | Swamp:4  | Got a decaying rune of Zot
 30147 | Swamp:1  | You fall through a shaft!
 30397 | Depths:1 | Entered Level 1 of the Depths
 30558 | Depths:1 | Received a gift from Okawaru
 30558 | Depths:1 | Reached skill level 21 in Unarmed Combat
 30650 | Depths:1 | Found Ofaij's Assorted Antiques.
 30682 | Depths:1 | Paralysed by a great orb of eyes for 3 turns
 30935 | Depths:1 | Bought a smoking amber ring for 170 gold pieces
 30936 | Depths:1 | Identified the ring "Vixzied" {MR+ Str+3 SInv} (You bought it in a shop on level 1 of the Depths)
 30940 | Depths:1 | Found Piklicet's Magic Scroll Shop.
 30946 | Depths:1 | Bought a scroll of identify for 22 gold pieces
 30946 | Depths:1 | Bought a scroll of acquirement for 572 gold pieces
 30946 | Depths:1 | Bought a scroll of blinking for 82 gold pieces
 30946 | Depths:1 | Bought a scroll of identify for 22 gold pieces
 30946 | Depths:1 | Bought a scroll of magic mapping for 38 gold pieces
 30946 | Depths:1 | Bought 3 scrolls of teleportation for 99 gold pieces
 30946 | Depths:1 | Bought a scroll of teleportation for 33 gold pieces
 30946 | Depths:1 | Bought a scroll of teleportation for 33 gold pieces
 30946 | Depths:1 | Bought a scroll of blinking for 82 gold pieces
 31201 | Depths:1 | Found a gateway to Hell.
 31416 | Depths:1 | Found a one-way gate to the infinite horrors of the Abyss.
 31461 | Depths:1 | Lost mutation: Scrolls take you a little longer to read. [potion of mutation]
 31461 | Depths:1 | Lost mutation: Your magical capacity is low. (-10% MP) [potion of mutation]
 31461 | Depths:1 | Gained mutation: Your flesh is heat resistant. (rF+) [potion of mutation]
 31461 | Depths:1 | Gained mutation: You can translocate small distances at will. [potion of mutation]
 31690 | Depths:1 | Received a gift from Okawaru
 32049 | Depths:1 | Reached skill level 5 in Armour
 32183 | Depths:2 | Reached XP level 18. HP: 184/187 MP: 17/17
 32242 | Depths:2 | Found Ymutax's Weapon Boutique.
 32285 | Depths:2 | Paralysed by a great orb of eyes for 3 turns
 32407 | Depths:2 | Received a gift from Okawaru
 33346 | Depths:2 | Found Atuyh's Jewellery Emporium.
 33348 | Depths:2 | Found Seddares's Gadget Shop.
 33349 | Depths:2 | Found Xaudghea's Jewellery Emporium.
 33630 | Elf:3    | Entered Level 3 of the Elven Halls
 33874 | Elf:3    | Reached skill level 1 in Invocations
 34116 | Elf:3    | Received a gift from Okawaru
 34371 | Elf:3    | Got a pitted broad axe {speed}
 34374 | Elf:3    | Identified the +10 broad axe of the Eight Lovers {speed, *Contam rF+++ Str-3 SInv} (You took it off a deep elf death mage on level 3 of the Elven Halls)
 34398 | Elf:3    | Gained mutation: You expend magic power (3 MP) to strengthen your wands. [mutagenic glow]
 34522 | Elf:3    | Reached XP level 19. HP: 187/198 MP: 20/20
 35027 | Elf:3    | Received a gift from Okawaru
 35053 | Elf:3    | Cast into level 2 of the Abyss (a deep elf demonologist)
 35053 | Abyss:2  | Found a corrupted altar of Lugonu.
 35390 | Abyss:2  | Reached skill level 22 in Unarmed Combat
 35482 | Abyss:2  | Paralysed by you for 3 turns
 35525 | Abyss:2  | Paralysed by accursed screaming for 1 turns
 35534 | Abyss:2  | Paralysed by accursed screaming for 1 turns
 35544 | Abyss:2  | Paralysed by accursed screaming for 1 turns
 35547 | Elf:3    | Escaped the Abyss
 35817 | Elf:3    | Got a faintly humming robe
 35831 | Elf:3    | Identified the cursed +1 robe "Daceicue" {+Inv Int+2 Stlth+} (You took it off a deep elf demonologist on level 3 of the Elven Halls)
 35867 | Elf:3    | Received a gift from Okawaru
 35997 | Elf:3    | Got a wavering ivory amulet
 36001 | Elf:3    | Identified the amulet "Nuny" {Inacc rElec rPois Str-5} (You found it on level 3 of the Elven Halls)
 36420 | Depths:3 | Noticed the Enchantress
 36497 | Depths:2 | Mangled by a spriggan defender

Vault maps used:
D:1:      minmay_arrival_plants_in_alcoves
D:2:      overflow_temple_1_default, serial_glass, glass_columns_c,
          glass_columns_a, uniq_natasha
D:4:      first_ration, uniq_pikel, uniq_sigmund
D:5:      hangedman_abyss_or_decor_passed
D:6:      minmay_temple_entry_statues_pillars, uniq_duvessa
D:7:      serial_shops, kennysheep_mini_moat
D:8:      serial_shops, shop, shop_fountains, nicolae_shop_stone, shop, shop,
          grunt_livestock, uniq_grum
D:11:     lemuel_castle_with_subvaults, erik_lair_orcish_takeover,
          lab_entry_generic, serial_shops, shop, basic_altar
D:12:     minmay_box_of_statues, orc_0_dummy, serial_ice, serial_ice_l,
          serial_ice_a, serial_ice_h, serial_ice_e, serial_ice_o, serial_ice_n,
          serial_shops, bzr_entry_water
D:13:     grunt_vaults_entry_fortified, serial_shops, shop,
          minmay_misc_feat_more_columns, grunt_decor_cap
D:14:     serial_park_tiny_2
D:15:     gammafunk_enter_depths_forms, minmay_misc_feat_alley, uniq_nessos
Temple:   kilobyte_greek_temple
Lair:1:   hibernation_bobbens, uniq_harold
Lair:2:   regret_index_harrowing_hell_hive, swamp_mist_pool,
          nicolae_spider_entry_orb_guardian, uniq_gastronok
Lair:3:   portal_ice_cave_entry_pillars_1, serial_bayou_pond_b, minivault_26
Lair:4:   grunt_megastairs_4
Lair:5:   dpeg_slime_entry_enclosed_altar
Lair:6:   evilmike_catoblepas_cave, grunt_megastairs_2
Swamp:1:  hangedman_swamp_ruin_wall, infiniplex_staircase_pool
Swamp:2:  serial_swamp_ruin, evilmike_swamp_ruin_house_5,
          evilmike_swamp_ruin_wall, uniq_donald
Swamp:3:  hangedman_swamp_pad
Swamp:4:  swamp_icy, infiniplex_staircase_pool_2, uniq_bai_suzhen
Orc:1:    nicolae_orc_pool_cavern, lightli_orcish_oven
Orc:2:    grunt_orc_community_town_hall, grunt_orc_community_big_house_2,
          grunt_orc_community_big_house_2, grunt_orc_community_house_2,
          grunt_orc_community_house_2, grunt_orc_community_house_1,
          grunt_orc_community_house_1, mines4_lemuel
Elf:1:    serial_shops, shop, kennysheep_underground_church,
          serial_sigils_hangedman_stare, minivault_8
Elf:2:    nicolae_wwwww
Elf:3:    elf_hall, basic_stair_grate_trap
Depths:1: abyss_entry_crystal, minmay_misc_feat_nine_boxes,
          hangedman_geh_valley, feat_on_display, minmay_shoptagon,
          serial_bayou_shore_b, serial_bayou_shore_b
Depths:2: minmay_triangles_in_corner, hell_entry, serial_shops,
          nicolae_shop_stone, kennysheep_cluttered_room,
          minmay_staircase_bubble, minmay_shop_grove, serial_bayou_shore_b
Depths:3: hangedman_grunt_twisty_little_passages, hell_entry, interstate_on_off,
          abyss_entry_small_statue_room, serial_corexii_hall,
          corexii_hall_statues_l, corexii_hall_statues_i, pan_entry,
          st_stairs_3, uniq_enchantress
Abyss:2:  lemuel_flamethrower_3, serial_sigils_hangedman_snap
Lab:      labyrinth_green, nicolae_lab_garden, nicolae_lab_arrow
Bazaar:   bazaar_short_row
IceCv:    ice_cave_small_demon

Skill      XL: |  1  2  3  4  5  6  7  8  9 10 11 12 13 14 15 16 17 18 19 |
---------------+----------------------------------------------------------+-----
Fighting       | 3 4 5 6 7 8 9 10 11 12 13 14 | 14.9
Dodging        | 3 4 5 6 7 8 9 10 11 12 13 14 | 14.9
Unarmed Combat | 4 5 6 7 8 10 12 13 15 16 18 19 20 21 22 | 22.0
Armour         | 2 5 7 |  7.9
Invocations    | 2 4 |  4.4
Stealth        | |  1.0

Action                   |  1- 3 |  4- 6 |  7- 9 | 10-12 | 13-15 | 16-18 | 19-21 || total
-------------------------+-------+-------+-------+-------+-------+-------+-------++-------
Melee: Unarmed           |    60 |   110 |   313 |   675 |  1504 |  1221 |   290 ||  4173
       Punch             |       |     3 |    11 |    44 |   126 |   114 |    20 ||   318
Invok: Heroism           |       |       |     3 |     4 |     8 |    16 |     5 ||    36
       Finesse           |       |       |       |       |       |     2 |     1 ||     3
  Use: Potion            |       |     1 |       |       |       |     7 |     5 ||    13
       Scroll            |       |       |       |    14 |     6 |    20 |     2 ||    42
 Stab: Sleeping          |     1 |     2 |     1 |     3 |     5 |       |       ||    12
  Eat: Chunk             |    15 |    10 |    34 |    56 |   104 |    94 |    13 ||   326
       Ration            |       |       |       |       |       |     3 |       ||     3
Armor: Robe              |    23 |    20 |    85 |    83 |       |       |       ||   211
       Steam dragon scal |       |       |       |   100 |   594 |    22 |       ||   716
       Swamp dragon scal |       |       |       |       |       |   199 |       ||   199
       Quicksilver drago |       |       |       |       |       |   105 |       ||   105
       Skin              |       |       |       |       |       |     1 |       ||     1
       Gold dragon scale |       |       |       |       |       |   352 |   195 ||   547
       Storm dragon scal |       |       |       |       |       |    95 |       ||    95
       Ice dragon scales |       |       |       |       |       |    15 |       ||    15
Dodge: Dodged            |    44 |    71 |   265 |   489 |   972 |   606 |   110 ||  2557
Block: Large shield      |       |       |       |       |       |       |    16 ||    16

Table legend:
 A = Spawn XP
 B = Non-spawn XP
 C = Spawn XP percentage of total XP
 D = Spawn monster count
 E = Non-spawn monster count
 F = Spawn count percentage of total count
 G = Total turns spent on level
                    A         B        C        D         E        F      G
               +---------+---------+-------+---------+---------+-------+---------
         Total |   20122 |  399198 |   4.8 |      47 |    1229 |   3.7 | 36497
               +---------+---------+-------+---------+---------+-------+---------
           D:1 |       0 |      32 |   0.0 |       0 |      18 |   0.0 |   773
           D:2 |       0 |     137 |   0.0 |       0 |      15 |   0.0 |   620
           D:3 |       0 |     917 |   0.0 |       0 |      19 |   0.0 |   809
           D:4 |       0 |     407 |   0.0 |       0 |      13 |   0.0 |  1027
           D:5 |       0 |     370 |   0.0 |       0 |      12 |   0.0 |   412
           D:6 |       0 |     435 |   0.0 |       0 |      10 |   0.0 |   840
           D:7 |       0 |    2193 |   0.0 |       0 |      35 |   0.0 |   989
           D:8 |       0 |    3105 |   0.0 |       0 |      33 |   0.0 |   701
           D:9 |       0 |    3182 |   0.0 |       0 |      31 |   0.0 |   744
          D:10 |       0 |    2806 |   0.0 |       0 |      27 |   0.0 |  1064
          D:11 |       0 |   11157 |   0.0 |       0 |      83 |   0.0 |  1829
          D:12 |       0 |   14292 |   0.0 |       0 |      88 |   0.0 |  1352
          D:13 |       0 |   12872 |   0.0 |       0 |      35 |   0.0 |   886
          D:14 |       0 |    7236 |   0.0 |       0 |      31 |   0.0 |   521
          D:15 |       0 |    8719 |   0.0 |       0 |      19 |   0.0 |   452
        Lair:1 |       0 |    4636 |   0.0 |       0 |      18 |   0.0 |  1302
        Lair:2 |       0 |    9099 |   0.0 |       0 |      43 |   0.0 |  1261
        Lair:3 |       0 |    2642 |   0.0 |       0 |      18 |   0.0 |   701
        Lair:4 |       0 |    4947 |   0.0 |       0 |      20 |   0.0 |   752
        Lair:5 |       0 |    3510 |   0.0 |       0 |      16 |   0.0 |   936
        Lair:6 |       0 |   15726 |   0.0 |       0 |      37 |   0.0 |  1308
       Swamp:1 |       0 |   11374 |   0.0 |       0 |      28 |   0.0 |  1059
       Swamp:2 |       0 |   18311 |   0.0 |       0 |      44 |   0.0 |  1242
       Swamp:3 |       0 |    8125 |   0.0 |       0 |      20 |   0.0 |   986
       Swamp:4 |       0 |   24472 |   0.0 |       0 |      62 |   0.0 |  1411
         Orc:1 |       0 |    3822 |   0.0 |       0 |      51 |   0.0 |   708
         Orc:2 |       0 |   14311 |   0.0 |       0 |     119 |   0.0 |  1763
         Elf:1 |       0 |   16836 |   0.0 |       0 |      30 |   0.0 |  1403
         Elf:2 |       0 |   24509 |   0.0 |       0 |      34 |   0.0 |  1344
         Elf:3 |      26 |   52586 |   0.0 |       1 |      45 |   2.2 |  1992
      Depths:1 |       0 |   39991 |   0.0 |       0 |      51 |   0.0 |  1757
      Depths:2 |       0 |   58452 |   0.0 |       0 |      65 |   0.0 |  1384
       Abyss:2 |   20096 |   12417 |  61.8 |      46 |      25 |  64.8 |   900
           Lab |       0 |    1373 |   0.0 |       0 |       5 |   0.0 |   530
         IceCv |       0 |    4199 |   0.0 |       0 |      29 |   0.0 |   443
               +---------+---------+-------+---------+---------+-------+---------
